 Dungeon Crawl Stone Soup version 0.26.1-11-gd32895ea62 (webtiles) character file.

Game seed: 3109612723850939188

969 Tirrikindir the Slasher (level 8, -1/54 HPs)
             Began as an Octopode Fighter on June 7, 2021.
             Was an Initiate of Gozag.
             Slain by an orc warrior
             ... wielding a +0 trident
              (21 damage)
             ... in a bailey.
             The game lasted 00:10:25 (3864 turns).

Tirrikindir the Slasher (Octopode Fighter)          Turns: 3864, Time: 00:10:26

Health: -1/54      AC:  1    Str: 16    XL:     8   Next: 16%
Magic:  8/8        EV: 16    Int: 10    God:    Gozag
Gold:   384        SH: 10    Dex: 13    Spells: 7/7 levels left

rFire    . . .     SeeInvis .   a - +2 long sword
rCold    . . .     Faith    .   b - +1 kite shield
rNeg     . . .     Spirit   .   (helmet restricted)
rPois    +         Reflect  .   (no amulet)
rElec    .         Harm     .   d - ring of poison resistance
rCorr    .         Rampage  .   k - +4 ring of evasion
Will     .....                  (no ring)
Stlth    +++.......             (no ring)
HPRegen  0.18/turn              (no ring)
MPRegen  0.11/turn              (no ring)
                                (no ring)
                                (no ring)

@: no status effects
A: almost no armour, stealthy swim, amphibious, 8 rings, constrict 8, camouflage
1, gelatinous body 1
a: Renounce Religion, Potion Petition, Call Merchant, Bribe Branch


You were in a bailey.
You worshipped Gozag.
Gozag was aware of your devotion.
You visited 2 branches of the dungeon, and saw 6 of its levels.
You also visited: Bailey.

You collected 444 gold pieces.
You paid 60 gold pieces to Gozag.

Inventory:

Hand Weapons
 a - a +2 long sword (weapon)
 p - a +0 rapier
Armour
 b - a +1 kite shield (worn)
Jewellery
 d - a ring of poison resistance (left tentacle)
 k - a +4 ring of evasion (right tentacle)
Scrolls
 l - 2 scrolls of teleportation
 n - a scroll of amnesia
Potions
 c - a potion of might
 e - 2 potions of heal wounds
 f - 2 potions of flight
 g - 2 potions of resistance {unknown}
 h - a potion of haste {unknown}
 i - 2 potions of curing {unknown}
 j - a potion of magic {unknown}
 o - a potion of degeneration {unknown}


   Skills:
 - Level 4.0 Fighting
 * Level 7.5 Long Blades
 - Level 4.0 Dodging
 - Level 4.0 Stealth
 - Level 4.0 Shields


You had 7 spell levels left.
You didn't know any spells.
Your spell library was empty.

Dungeon Overview and Level Annotations

Branches:
Dungeon (7/15)             Temple (1/1) D:4          Bailey (1/1)

Altars:
Ashenzari
Cheibriados
Elyvilon
Fedhas
Gozag
Hepliaklqana
Nemelex Xobeh
Qazlal
Ru
Sif Muna
Trog
Uskayaw
Vehumet
Yredelemnul
Zin
The Shining One


Innate Abilities, Weirdness & Mutations

You cannot wear most types of armour.
You are very stealthy in the water. (Stealth+)
You are amphibious.
You can wear up to eight rings at the same time.
You can use your tentacles to constrict eight enemies at once.
Your skin changes colour to match your surroundings (Stealth+).
Your rubbery body absorbs attacks. (AC +1, EV +1)


Message History

The orc knight goes into a battle-frenzy!
The orc warrior no longer looks unusually strong.
The orc warrior no longer looks unusually strong.
The orc knight no longer looks unusually strong.
The orc knight roars a battlecry!
The orc warriors go into a battle-frenzy!
The orc warrior hits you from afar with a +0 trident!
The orc knight no longer looks unusually strong.
The orc warrior barely misses you.
The orc knight roars a battlecry!
The orc warrior barely misses you. The orc warrior barely misses you.
The orc warrior closely misses you.
The orc warrior hits you from afar with a +0 trident!
You block the orc warrior's attack.
The orc knight roars a battlecry!
The orc warrior barely misses you.
The orc warrior hits you from afar with a +0 trident!!
You die...
Your body crumbles into a pile of gold.

§§##...## ##..≈≈..........#
§####### ##..≈≈≈≈≈≈≈≈≈≈.#
## ##..)......)≈.# ####
##+#############.≈.# $$.#
........##.....##.≈.# $
≈≈≈§≈≈§..'#...##..≈.#
≈.....≈≈.o##.##..≈≈.#
...⌠.oo§≈..#+#..≈≈.##
..⌠∩⌠oo≈≈.@# #..≈≈.∩#
≈..§§o≈≈..## ##..≈≈.#
≈≈≈≈≈≈≈..## $ ##..≈.#
...§§...## $$$ ##.≈.#
#########+###'#########.≈.#
..)))##.....##..)))))...≈.#
≈≈≈≈).##.∩.##..≈≈≈≈≈≈≈≈≈≈.#
...≈≈..## ##..≈≈..........#
##..≈≈..###..≈≈..##########


You could see 3 orc knights and 3 orc warriors.

Vanquished Creatures
  Prince Ribbit (D:7)
  An orc warrior (Bailey)
  A centaur (D:7)
  A bullfrog (D:7)
  A scorpion (D:7)
  A howler monkey (D:4)
  A quasit (D:7)
  3 orc priests
  2 orc wizards
  An iguana (D:7)
  Terence (D:3)
  Robin (D:3)
  5 adders
  An ooze (D:1)
  3 dart slugs
  2 worms (D:3)
  6 leopard geckos
  27 orcs
  A ball python (D:3)
  5 bats
  4 giant cockroaches
  20 goblins
  11 hobgoblins
  4 jackals (D:3)
  4 quokkas
  3 frilled lizards
  6 kobolds
  4 rats
121 creatures vanquished.

Notes
Turn   | Place    | Note
-------+----------+-------------------------------------------
     0 | D:1      | Tirrikindir the Octopode Fighter began the quest for the
                  | Orb.
     0 | D:1      | Reached XP level 1. HP: 16/16 MP: 1/1
   237 | D:1      | Reached XP level 2. HP: 21/21 MP: 2/2
   571 | D:1      | Reached skill level 1 in Stealth
   670 | D:1      | Reached XP level 3. HP: 26/26 MP: 3/3
  1341 | D:2      | Reached XP level 4. HP: 31/31 MP: 4/4
  1430 | D:2      | Reached skill level 3 in Long Blades
  1641 | D:3      | Noticed Robin
  1644 | D:3      | Killed Robin
  1762 | D:3      | Reached XP level 5. HP: 35/36 MP: 5/5
  2145 | D:3      | Reached XP level 6. HP: 21/43 MP: 6/6
  2570 | D:3      | Noticed Terence
  2577 | D:3      | Killed Terence
  2664 | D:3      | Reached skill level 4 in Long Blades
  3015 | D:4      | Found a staircase to the Ecumenical Temple.
  3026 | Temple   | Entered the Ecumenical Temple
  3160 | Temple   | Became a worshipper of Gozag Ym Sagoz the Greedy
  3339 | D:4      | You fall into a shaft and drop 3 floors!
  3339 | D:7      | Found a sparkling altar of Nemelex Xobeh.
  3344 | D:7      | Noticed Prince Ribbit
  3352 | D:7      | Killed Prince Ribbit
  3353 | D:7      | Reached skill level 5 in Long Blades
  3353 | D:7      | Reached XP level 7. HP: 47/48 MP: 7/7
  3421 | D:7      | Reached skill level 6 in Long Blades
  3474 | D:7      | Found a flagged portal.
  3477 | D:7      | Reached skill level 7 in Long Blades
  3477 | D:7      | Reached XP level 8. HP: 54/54 MP: 8/8
  3532 | Bailey   | Entered a bailey
  3707 | Bailey   | Noticed an orc knight
  3707 | Bailey   | Noticed an orc knight
  3707 | Bailey   | Noticed an orc knight
  3864 | Bailey   | Slain by an orc warrior

Illustrated notes

Levels and vault maps discovered:
D:1:      minmay_arrival_plants_in_alcoves, layout_loops_corners, minivault_5
D:2:      layout_rooms
D:3:      layout_loops_corners, uniq_terence, uniq_robin
D:4:      layout_gridville, chequers_temple_overflow_minitemple,
          minmay_temple_entry_proselytizer, uniq_eustachio
D:7:      layout_loops_ring, enter_bailey_3, nemelex_lonely_heart_becter,
          uniq_prince_ribbit1
Temple:   nicolae_temple_elliptical
Bailey:   bailey_polearm_1, bailey

Skill      XL: |  1  2  3  4  5  6  7 |
---------------+----------------------+-----
Stealth        | 1 2 3 4 |  4.0
Long Blades    | 3 5 7 |  7.5
Fighting       | 4 |  4.0
Dodging        | 4 |  4.0
Shields        | 4 |  4.0

Action                   |  1- 3 |  4- 6 |  7- 9 || total
-------------------------+-------+-------+-------++-------
Melee: Long sword        |    44 |    98 |    60 ||   202
       Constrict         |    11 |    35 |    14 ||    60
       Tentacles         |     7 |    28 |    15 ||    50
  Use: Scroll            |     3 |     6 |     3 ||    12
 Stab: Sleeping          |     9 |    16 |     2 ||    27
Armor: Skin              |     1 |     4 |     1 ||     6
Dodge: Dodged            |    22 |    61 |    52 ||   135
Block: Kite shield       |    18 |    35 |    41 ||    94
       Rpst.: Long sword |    10 |    25 |     6 ||    41
